 Dungeon Crawl Stone Soup version 0.31.0-9-g3a7656b989 (webtiles) character file.

Game seed: 6529148050921332647

139 qw the Skirmisher (level 5, 0/29 HPs)
             Began as a Deep Elf Hunter on Feb 2, 2024.
             Slain by a goblin
             ... wielding a +0 club
             ... led by Robin
              (6 damage)
             ... on level 3 of the Dungeon.
             The game lasted 00:00:06 (1813 turns).

qw the Skirmisher (Deep Elf Hunter)                 Turns: 1813, Time: 00:00:07

Health: 0/29       AC:  6    Str: 10    XL:     5   Next: 1%
Magic:  7/7        EV: 11    Int: 14    God:
Gold:   19         SH:  0    Dex: 18    Spells: 4/4 levels left

rFire   . . .        j - +1 arbalest
rCold   . . .        (shield currently unavailable)
rNeg    . . .        f - +0 ring mail
rPois   .            (no helmet)
rElec   .            c - +0 cloak
rCorr   .            (no gloves)
SInv    .            (no boots)
Will    .....        (no amulet)
Stlth   +            (no ring)
HPRegen 0.24/turn    (no ring)
MPRegen 0.10/turn

%: no passive effects
@: about to teleport
A: no striking features
a: no special abilities


You were on level 3 of the Dungeon.
You visited 1 branch of the dungeon, and saw 3 of its levels.

You collected 109 gold pieces.
You spent 90 gold pieces at shops.


   Skills:
 - Level 1.5 Fighting
 + Level 8.4 Ranged Weapons
 - Level 2.4 Dodging
 - Level 1.2 Stealth


You had 4 spell levels left.
You didn't know any spells.
Your spell library was empty.

Inventory:

Hand Weapons
 j - a +1 arbalest (weapon)
Armour
 c - a +0 cloak (worn)
 f - a +0 ring mail (worn)
Jewellery
 e - a ring of ice
Potions
 g - a potion of haste
 h - a potion of brilliance {unknown}
 i - a potion of curing {unknown}

Dungeon Overview and Level Annotations

Branches:
Dungeon (3/15)

Altars:

Shops:
D:3 ?

Annotations:
D:1 1 runed translucent door
D:3 Robin


Message History

The goblin hits you but does no damage.
Robin of the Strong Arm comes into view.
They are wielding a +0 trident.
The goblin barely misses you. The goblin closely misses you.
You shoot a bolt. The bolt hits the goblin.
The goblin is severely wounded.
The goblin hits you with a +0 club. The goblin hits you with a +0 dagger.
The goblin hits you with a +3 dagger. Robin barely misses you.
The goblin closely misses you.
You shoot a bolt. The bolt hits the goblin!
You kill the goblin!
The goblin hits you with a +0 dagger. Robin hits you but does no damage.
The goblin closely misses you.
You shoot a bolt. The bolt hits the goblin!!
You kill the goblin!
Robin throws the goblin at you! The goblin hits you with a +0 club.
A goblin comes into view. It is wielding a +0 club.
The goblin hits you but does no damage.
Robin roars a battlecry!
The goblins go into a battle-frenzy!
You have reached level 5!
You shoot a bolt. The bolt closely misses the goblin.
You hear a shout!
Robin closely misses you. The goblin hits you with a +0 club.
You shoot a bolt. The bolt hits the goblin!
You kill the goblin!
Robin's horned helmet rattles.
Robin hits you from afar with a +0 trident!
A goblin comes into view. It is wielding a +0 dagger.
Robin throws the goblin at you! The goblin hits you with a +0 dagger.
1812 ||| READING scroll of teleportation.
As you read the scroll of teleportation, it crumbles to dust.
You feel strangely unstable. Robin throws the goblin at you!
The goblin barely misses you. The goblin misses you.
You shoot a bolt. The bolt hits the goblin!
You kill the goblin!
Robin laughs in a distinctly smug fashion.
Robin hits you but does no damage. The goblin misses you.
The goblin hits you with a +0 club.
You die...

##. #.. #...
##...####
........#
.......g########.#
.......@##.......#
##...g))).\#####.#
#...#####.# #.%
#.# ## #.# #.# #.#
#.#######..#
#...<.....#


You could see Robin and a goblin (strong).

Vanquished Creatures
  A phantom (D:2)
  An adder (D:2)
  A dart slug (D:1)
  A ribbon worm (D:2)
  2 bats (D:1)
  3 endoplasms
  3 giant cockroaches
  11 goblins
  6 hobgoblins
  4 jackals (D:1)
  5 kobolds
  2 quokkas (D:1)
  A ball python (D:1)
  3 frilled lizards (D:2)
  10 rats
54 creatures vanquished.

Notes
Turn   | Place    | Note
-------+----------+-------------------------------------------
     0 | D:1      | qw the Deep Elf Hunter began the quest for the Orb.
     0 | D:1      | Reached XP level 1. HP: 12/12 MP: 3/3
     0 | D:1      | 0 ||| qw: Version: 0.3-a-155-g5e7d8dd
     0 | D:1      | 0 ||| qw: Game counter: 2569
     0 | D:1      | 0 ||| qw: Melee chars always use a shield: true
     0 | D:1      | 0 ||| qw: God list: Okawaru
     0 | D:1      | 0 ||| qw: Allow faded altars: false
     0 | D:1      | 0 ||| qw: Do Orc after clearing Dungeon:15 true
     0 | D:1      | 0 ||| qw: Do second Lair branch before Depths: true
     0 | D:1      | 0 ||| qw: Lair rune preference: random
     0 | D:1      | 0 ||| qw: Goals: Normal
     0 | D:1      | 0 ||| PLANNING D:1-11
     2 | D:1      | Found a runed translucent door.
    91 | D:1      | Reached skill level 6 in Ranged Weapons
    91 | D:1      | Reached XP level 2. HP: 16/16 MP: 4/4
   295 | D:1      | 295 ||| RETREEEEATING.
   613 | D:1      | Reached XP level 3. HP: 20/20 MP: 5/5
   769 | D:1      | 769 ||| UPGRADING to +0 ring mail.
   779 | D:1      | 779 ||| DROPPING +0 leather armour.
   780 | D:1      | 780 ||| READING 2 scrolls labelled PUPIUJUGUT.
   799 | D:1      | 799 ||| DROPPING scroll of butterflies.
   999 | D:2      | Noticed a phantom
  1011 | D:2      | Killed a phantom
  1012 | D:2      | Reached skill level 8 in Ranged Weapons
  1012 | D:2      | Reached XP level 4. HP: 14/25 MP: 6/6
  1157 | D:2      | 1157 ||| SWAPPING to +0 arbalest.
  1158 | D:2      | 1158 ||| DROPPING +0 shortbow.
  1645 | D:2      | 1645 ||| UPGRADING to +0 cloak.
  1650 | D:2      | 1650 ||| DROPPING amulet of magic regeneration.
  1651 | D:2      | 1651 ||| READING scroll labelled DUKLIE URIVECU.
  1652 | D:2      | 1652 ||| READING 4 scrolls labelled PAPEAM OKHACA.
  1753 | D:2      | 1753 ||| READING scroll labelled XYUWAJO QAGU.
  1753 | D:2      | 1753 ||| IDENTIFYING puce potion
  1754 | D:2      | 1754 ||| DROPPING 3 scrolls of vulnerability.
  1785 | D:3      | Found Faokodipp's Magic Scroll Shoppe.
  1797 | D:3      | 1797 ||| SHOPLISTING scroll of acquirement (624 gold, have
                  | 109).
  1797 | D:3      | 1797 ||| BUYING scroll of enchant weapon (90 gold).
  1797 | D:3      | Bought a scroll of enchant weapon for 90 gold pieces
  1797 | D:3      | 1797 ||| SHOPLISTING scroll of identify (24 gold, have 19).
  1797 | D:3      | 1797 ||| READING scroll of enchant weapon.
  1797 | D:3      | 1797 ||| ENCHANTING +0 arbalest.
  1806 | D:3      | Noticed Robin
  1810 | D:3      | Reached XP level 5. HP: 17/29 MP: 7/7
  1811 | D:3      | HP: 7/29 [goblin/+0 dagger[Robin] (2)]
  1812 | D:3      | 1812 ||| READING scroll of teleportation.
  1813 | D:3      | Slain by a goblin

Levels and vault maps discovered:
D:1:      dpeg_arrival_caged_fury, layout_basic
D:2:      layout_basic
D:3:      layout_loops_ring, serial_shops, shop,
          hellmonk_ecumenical_altar_inner_sanctum, minivault_27,
          minmay_misc_feat_columns, grunt_ministairs_4, uniq_robin

Skill      XL: |  1  2  3 |
---------------+----------+-----
Ranged Weapons | 6 8 |  8.4
Fighting       | |  1.5
Dodging        | |  2.4
Stealth        | |  1.2

Action                     |  1- 3 |  4- 6 || total
---------------------------+-------+-------++-------
   Fire: Shortbow          |   102 |     9 ||   111
         Arbalest          |       |    33 ||    33
    Use: Scroll            |     1 |     5 ||     6
 Armour: Leather armour    |    10 |       ||    10
         Ring mail         |     8 |    20 ||    28
  Dodge: Dodged            |    15 |    13 ||    28

Table legend:
 A = Non-vault XP
 B = Vault XP
 C = Vault XP percentage of total XP
 D = Non-vault monster count
 E = Vault monster count
 F = Vault count percentage of total count
                 A         B        C        D         E       F
            +---------+---------+-------+---------+---------+-------
      Total |     185 |      16 |   8.0 |      46 |       8 |  14.8
            +---------+---------+-------+---------+---------+-------
        D:1 |      46 |       0 |   0.0 |      24 |       0 |   0.0
        D:2 |     139 |       0 |   0.0 |      22 |       0 |   0.0
        D:3 |       0 |      16 | 100.0 |       0 |       8 | 100.0
            +---------+---------+-------+---------+---------+-------
